[Event "FIDE World Junior U20-ch Girls 2025"]
[Site "Petrovac"]
[Date "2025.02.28"]
[Round "3.10"]
[White "Kirtadze, Anastasia"]
[Black "Rakshitta Ravi"]
[Result "1-0"]
[Annotator "ChessBase"]
[ECO "C45"]
[WhiteElo "2218"]
[BlackElo "2365"]
[PlyCount "89"]
[EventDate "2025.02.23"]
[EventType "swiss"]
[EventCountry "MNE"]
[SourceTitle "playchess.com"]
[Source "ChessBase"]
[SourceQuality "1"]
[TimeControl "40/5400+30:1800+30"]

1. e4 e5 2. Nf3 Nc6 3. d4 exd4 4. Nxd4 Nf6 5. Nxc6 bxc6 6. e5 Qe7 7. Qe2 Nd5 8. h4 g6 9. c4 Qb4+ 10. Nd2 Nf4 11. Qe4 Ne6 12. a3 Qa5 13. h5 Bg7 14. h6 Bf8 15. Rb1 Rb8 16. b4 Qa4 17. Bd3 c5 18. b5 Bb7 19. Qg4 Qa5 20. Be4 Bxe4 21. Qxe4 Nd4 22. Bb2 Nb3 23. Rd1 Rg8 24. Qd3 Nxd2 25. Rxd2 Rd8 26. f4 Qb6 27. g4 Qe6 28. f5 gxf5 29. gxf5 Qe7 30. Kd1 Qg5 31. Rdh2 Qg4+ 32. Kc2 Rg5 33. Rf2 d5 34. exd6 Rxd6 35. Re1+ Kd7 36. Qe3 Qxc4+ 37. Bc3 Kc8 38. Qxg5 Bxh6 39. Re8+ Kb7 40. Qg2+ c6 41. bxc6+ Ka6 42. Qf1 Rd2+ 43. Rxd2 Qxf1 44. c7 Qxf5+ 45. Kb2 1-0

[Event "FIDE World Junior U20-ch Girls 2025"]
[Site "Petrovac"]
[Date "2025.02.28"]
[Round "3.11"]
[White "Yakimova, Mariya"]
[Black "Khamdamova, Afruza"]
[Result "1-0"]
[Annotator "ChessBase"]
[ECO "D35"]
[WhiteElo "2201"]
[BlackElo "2354"]
[PlyCount "119"]
[EventDate "2025.02.23"]
[EventType "swiss"]
[EventCountry "MNE"]
[SourceTitle "playchess.com"]
[Source "ChessBase"]
[SourceQuality "1"]
[TimeControl "40/5400+30:1800+30"]

1. d4 d5 2. c4 e6 3. Nc3 Nf6 4. cxd5 exd5 5. Bg5 c6 6. e3 h6 7. Bh4 Be7 8. Bd3 O-O 9. Nge2 Re8 10. O-O a5 11. Rc1 Nbd7 12. h3 b5 13. a4 b4 14. Nb1 Qb6 15. Nd2 Ba6 16. Bxa6 Qxa6 17. Bxf6 Nxf6 18. Rc2 Rac8 19. Nb3 Ne4 20. Nf4 Bd6 21. Nd3 Qb6 22. Qg4 Rf8 23. Qf5 g6 24. Qf3 Kg7 25. Rfc1 Rfe8 26. Qg4 Rc7 27. Qd1 h5 28. Re2 Rcc8 29. Ndc5 f5 30. Nxe4 fxe4 31. f4 exf3 32. gxf3 Qd8 33. Qf1 Re6 34. Qg2 Qe7 35. e4 dxe4 36. fxe4 Bf4 37. Rf1 Rf6 38. Kh1 Rcf8 39. Rg1 g5 40. e5 Rg6 41. Rf1 g4 42. Ref2 gxh3 43. Qxh3 Rg4 44. Rg2 Qg5 45. Rfg1 Rh8 46. Nc5 Rh6 47. Ne4 Qg6 48. Nf2 Kf8 49. Qf3 Rh4+ 50. Nh3 Qe6 51. Rh2 Rf6 52. exf6 Bxh2 53. Kxh2 Rxd4 54. Qg3 Rd2+ 55. Nf2 Qd6 56. Qxd6+ Rxd6 57. Ne4 Re6 58. Ng5 Re2+ 59. Kh3 Rf2 60. Rd1 1-0

[Event "FIDE World Junior U20-ch Girls 2025"]
[Site "Petrovac"]
[Date "2025.02.28"]
[Round "3.12"]
[White "Kurmangaliyeva, Liya"]
[Black "Sneha Halder"]
[Result "1-0"]
[Annotator "ChessBase"]
[ECO "C42"]
[WhiteElo "2251"]
[BlackElo "2065"]
[PlyCount "99"]
[EventDate "2025.02.23"]
[EventType "swiss"]
[EventCountry "MNE"]
[SourceTitle "playchess.com"]
[Source "ChessBase"]
[SourceQuality "1"]
[TimeControl "40/5400+30:1800+30"]

1. e4 e5 2. Nf3 Nf6 3. Nxe5 d6 4. Nf3 Nxe4 5. Nc3 Nxc3 6. dxc3 Be6 7. Be3 Nc6 8. Bd3 Be7 9. Qe2 O-O 10. O-O-O a6 11. h4 Qd7 12. Ng5 Bf5 13. f3 Ne5 14. Bxf5 Qxf5 15. g4 Qd7 16. Bd4 Qb5 17. Qe4 Ng6 18. f4 Rfe8 19. Qf3 Qc6 20. Qg3 h6 21. Nf3 Qe4 22. f5 Qf4+ 23. Qxf4 Nxf4 24. Rde1 c5 25. Bf2 Bf8 26. g5 d5 27. Kd1 Re4 28. Rxe4 dxe4 29. Nd2 Re8 30. Be3 Nd5 31. Ke2 Bd6 32. Rf1 hxg5 33. hxg5 b5 34. c4 Nb4 35. c3 Nd3 36. b3 bxc4 37. Nxc4 Bc7 38. Nd2 Ne5 39. Bxc5 Bd8 40. Be3 Ng4 41. Bf4 Bb6 42. Nc4 Bc5 43. b4 Ba7 44. Nd6 Rd8 45. c4 f6 46. c5 Bb8 47. Rg1 Ne5 48. Bxe5 fxe5 49. Rd1 Rf8 50. Ke3 1-0

[Event "FIDE World Junior U20-ch Girls 2025"]
[Site "Petrovac"]
[Date "2025.02.28"]
[Round "3.13"]
[White "Mihelic, Vesna"]
[Black "Kaldarova, Ayaulym"]
[Result "0-1"]
[Annotator "ChessBase"]
[ECO "C01"]
[WhiteElo "2115"]
[BlackElo "2248"]
[PlyCount "42"]
[EventDate "2025.02.23"]
[EventType "swiss"]
[EventCountry "MNE"]
[SourceTitle "playchess.com"]
[Source "ChessBase"]
[SourceQuality "1"]
[TimeControl "40/5400+30:1800+30"]

1. e4 e6 2. d4 d5 3. exd5 exd5 4. Nf3 Nc6 5. h3 h6 6. Bd3 Nb4 7. O-O Nxd3 8. Qxd3 Bd6 9. c4 dxc4 10. Qxc4 Ne7 11. Nc3 c6 12. Ne4 Bc7 13. b3 O-O 14. Ba3 Re8 15. Rfe1 Be6 16. Qc5 Bd5 17. Ne5 Nf5 18. Bb2 f6 19. f4 fxe5 20. fxe5 Bb6 21. Qb4 Ba5 0-1

[Event "FIDE World Junior U20-ch Girls 2025"]
[Site "Petrovac"]
[Date "2025.02.28"]
[Round "3.14"]
[White "Kaliakhmet, Elnaz"]
[Black "Sulyok, Eszter"]
[Result "1-0"]
[Annotator "ChessBase"]
[ECO "D45"]
[WhiteElo "2242"]
[BlackElo "2109"]
[PlyCount "143"]
[EventDate "2025.02.23"]
[EventType "swiss"]
[EventCountry "MNE"]
[SourceTitle "playchess.com"]
[Source "ChessBase"]
[SourceQuality "1"]
[TimeControl "40/5400+30:1800+30"]

1. d4 d5 2. c4 e6 3. Nf3 c6 4. Nc3 Nf6 5. e3 Nbd7 6. Be2 Bd6 7. O-O O-O 8. b3 Qe7 9. Bb2 b6 10. Bd3 Bb7 11. Re1 Rfd8 12. Rc1 Bb4 13. Re2 dxc4 14. bxc4 c5 15. d5 Bxc3 16. d6 Qf8 17. Bxc3 Ne4 18. Bxe4 Bxe4 19. Ng5 Bg6 20. Rd2 Nf6 21. Qf3 Rd7 22. e4 Rad8 23. e5 Ne8 24. a4 h6 25. Nh3 f6 26. Nf4 Bf5 27. g4 fxe5 28. Bxe5 g5 29. Nd5 exd5 30. Qxd5+ Kh7 31. gxf5 Qxf5 32. Rcd1 Nf6 33. Bxf6 Qxf6 34. Qe4+ Kg7 35. Qc6 Qf4 36. a5 Qxc4 37. Re1 Qg4+ 38. Kh1 Rf7 39. axb6 axb6 40. Re3 Qb4 41. Qd5 Qf4 42. Qc6 Rfd7 43. Red3 Qe5 44. Qxb6 Qe4+ 45. f3 Qe1+ 46. Kg2 Re8 47. Qb2+ Kg8 48. Qc2 Re6 49. Qc4 Kg7 50. Rd5 Qe3 51. Qa4 Rf7 52. Rf2 Ref6 53. Qg4 Rf4 54. Qg3 Qe6 55. Rdd2 c4 56. Rfe2 Qf5 57. Re3 Kh7 58. h3 Qc5 59. Rc3 Rd4 60. Qf2 Rxd2 61. Qxd2 Qf5 62. Qd4 Qf4 63. Qd5 Rd7 64. Rxc4 Qxd6 65. Qe4+ Kg7 66. Rc6 Qd2+ 67. Kg3 Qd3 68. Rg6+ Kf8 69. Rf6+ Kg7 70. Rg6+ Kf8 71. Qe6 Rf7 72. Qc8+ 1-0

[Event "FIDE World Junior U20-ch Girls 2025"]
[Site "Petrovac"]
[Date "2025.02.28"]
[Round "3.15"]
[White "Karimova, Guldona"]
[Black "Mikheeva, Galina"]
[Result "1/2-1/2"]
[Annotator "ChessBase"]
[ECO "C45"]
[WhiteElo "2200"]
[BlackElo "2238"]
[PlyCount "91"]
[EventDate "2025.02.23"]
[EventType "swiss"]
[EventCountry "MNE"]
[SourceTitle "playchess.com"]
[Source "ChessBase"]
[SourceQuality "1"]
[TimeControl "40/5400+30:1800+30"]

1. e4 e5 2. Nf3 Nc6 3. d4 exd4 4. Nxd4 Nf6 5. Nxc6 bxc6 6. e5 Qe7 7. Qe2 Nd5 8. h4 d6 9. c4 Nb6 10. exd6 cxd6 11. Be3 Be6 12. Qc2 f5 13. Bg5 Qf7 14. Nd2 h6 15. Bf4 Be7 16. Be2 O-O 17. h5 d5 18. c5 Nd7 19. Nb3 a5 20. a4 Rfe8 21. Kf1 Bf6 22. Rd1 Ra7 23. Nd4 Rb7 24. b3 Rb4 25. Nxe6 Qxe6 26. Bc7 Re4 27. Re1 Nxc5 28. Rh3 Nb7 29. Rd3 Kh8 30. g3 c5 31. Qd2 c4 32. bxc4 dxc4 33. Re3 c3 34. Qc2 Rxe3 35. fxe3 Qxe3 36. Bf4 Qe6 37. Rd1 Qc6 38. Kg1 Bd4+ 39. Rxd4 Qc5 40. Qd3 c2 41. Kg2 Rxe2+ 42. Qxe2 Qxd4 43. Qe8+ Kh7 44. Qg6+ Kg8 45. Qe6+ Kh8 46. Qe8+ 1/2-1/2

[Event "FIDE World Junior U20-ch Girls 2025"]
[Site "Petrovac"]
[Date "2025.02.28"]
[Round "3.16"]
[White "Lu, Miaoyi"]
[Black "Zhou, Shumeng"]
[Result "1-0"]
[Annotator "ChessBase"]
[ECO "C42"]
[WhiteElo "2432"]
[BlackElo "2049"]
[PlyCount "105"]
[EventDate "2025.02.23"]
[EventType "swiss"]
[EventCountry "MNE"]
[SourceTitle "playchess.com"]
[Source "ChessBase"]
[SourceQuality "1"]
[TimeControl "40/5400+30:1800+30"]

1. e4 e5 2. Nf3 Nf6 3. Nxe5 d6 4. Nf3 Nxe4 5. Nc3 Nxc3 6. dxc3 Be7 7. Bf4 O-O 8. Qd2 Re8 9. O-O-O Nd7 10. h4 Nc5 11. Ng5 h6 12. Bc4 Be6 13. Nxe6 Nxe6 14. Bxe6 fxe6 15. Be3 Rf8 16. g4 Qe8 17. f4 Qf7 18. Kb1 e5 19. f5 h5 20. Rdf1 hxg4 21. h5 Qc4 22. Qg2 d5 23. h6 Qe4 24. Qxe4 dxe4 25. hxg7 Kxg7 26. Bh6+ Kf6 27. Bxf8 Rxf8 28. Rh6+ Kg5 29. Rg6+ Kh5 30. Rg7 Bh4 31. Rh1 Rxf5 32. Rh7+ Kg5 33. R7xh4 Rf2 34. Kc1 e3 35. Rh7 g3 36. Rg1 Kf4 37. Rg7 e2 38. Kd2 Rf1 39. Rf7+ Ke4 40. Rfxf1 exf1=Q 41. Rxf1 g2 42. Ra1 Kf3 43. c4 Kf2 44. Kd3 g1=Q 45. Rxg1 Kxg1 46. Ke4 Kf2 47. Kxe5 Ke3 48. c5 a5 49. Ke6 Kd4 50. Kd7 Kxc5 51. Kxc7 b5 52. Kb7 a4 53. Ka6 1-0

[Event "FIDE World Junior U20-ch Girls 2025"]
[Site "Petrovac"]
[Date "2025.02.28"]
[Round "3.17"]
[White "Huseynova, Lala"]
[Black "Nurgaliyeva, Zarina"]
[Result "0-1"]
[Annotator "ChessBase"]
[ECO "B18"]
[WhiteElo "2032"]
[BlackElo "2265"]
[PlyCount "76"]
[EventDate "2025.02.23"]
[EventType "swiss"]
[EventCountry "MNE"]
[SourceTitle "playchess.com"]
[Source "ChessBase"]
[SourceQuality "1"]
[TimeControl "40/5400+30:1800+30"]

1. e4 c6 2. d4 d5 3. Nc3 dxe4 4. Nxe4 Bf5 5. Ng3 Bg6 6. Nf3 e6 7. h4 h6 8. Ne5 Bh7 9. Bd3 Bxd3 10. Qxd3 Nd7 11. Bf4 Nxe5 12. Bxe5 Nf6 13. O-O-O Qa5 14. Kb1 O-O-O 15. Ne2 Be7 16. c4 Rhg8 17. Qf3 Rd7 18. g4 Bd8 19. Rd3 Bc7 20. Ra3 Qb4 21. g5 Bxe5 22. dxe5 Rd2 23. Qc3 Qxc3 24. Nxc3 Ng4 25. Ne4 Rd4 26. Nd6+ Kb8 27. Nxf7 Nxf2 28. Rf1 Ne4 29. Kc2 Rxc4+ 30. Kd3 Rb4 31. Rf4 Nc5+ 32. Ke3 Rxb2 33. gxh6 gxh6 34. Nxh6 Rgg2 35. Kd4 Rb4+ 36. Ke3 Rg3+ 37. Rf3 Rxf3+ 38. Kxf3 Rxh4 0-1

[Event "FIDE World Junior U20-ch Girls 2025"]
[Site "Petrovac"]
[Date "2025.02.28"]
[Round "3.18"]
[White "Shohradova, Lala"]
[Black "Orian, Noga"]
[Result "1/2-1/2"]
[Annotator "ChessBase"]
[ECO "E21"]
[WhiteElo "2025"]
[BlackElo "2210"]
[PlyCount "86"]
[EventDate "2025.02.23"]
[EventType "swiss"]
[EventCountry "MNE"]
[SourceTitle "playchess.com"]
[Source "ChessBase"]
[SourceQuality "1"]
[TimeControl "40/5400+30:1800+30"]

1. d4 Nf6 2. c4 e6 3. Nc3 Bb4 4. Nf3 b6 5. g3 Bxc3+ 6. bxc3 Bb7 7. Ba3 d6 8. c5 dxc5 9. dxc5 Qxd1+ 10. Rxd1 Nbd7 11. Bg2 Nxc5 12. Bxc5 bxc5 13. O-O Rb8 14. Ne5 Bxg2 15. Kxg2 Rb6 16. a4 Ke7 17. a5 Rd6 18. Rb1 Nd7 19. Nc4 Rc6 20. Rb7 Ra8 21. e4 f6 22. f4 Kd8 23. Rd1 Ke8 24. Kf2 Nf8 25. e5 Nd7 26. Ke3 Ke7 27. exf6+ gxf6 28. Ke4 a6 29. g4 Rg8 30. g5 Rd8 31. Rb2 h6 32. gxh6 f5+ 33. Kf3 e5 34. fxe5 Rxh6 35. Rg1 Rh3+ 36. Rg3 Rxg3+ 37. hxg3 Ke6 38. Kf4 Rg8 39. Ne3 Nxe5 40. Rb7 Ng6+ 41. Kf3 Ne5+ 42. Kf4 Ng6+ 43. Kf3 Ne5+ 1/2-1/2

[Event "FIDE World Junior U20-ch Girls 2025"]
[Site "Petrovac"]
[Date "2025.02.28"]
[Round "3.19"]
[White "Blokhin, Sofia"]
[Black "Khuslen, Erdenebayar"]
[Result "0-1"]
[Annotator "ChessBase"]
[ECO "B46"]
[WhiteElo "2020"]
[BlackElo "2201"]
[PlyCount "94"]
[EventDate "2025.02.23"]
[EventType "swiss"]
[EventCountry "MNE"]
[SourceTitle "playchess.com"]
[Source "ChessBase"]
[SourceQuality "1"]
[TimeControl "40/5400+30:1800+30"]

1. e4 c5 2. Nf3 e6 3. d4 cxd4 4. Nxd4 Nc6 5. Nc3 a6 6. Be3 Nf6 7. a3 Be7 8. f4 d6 9. Nb3 Qc7 10. Qf3 h5 11. O-O-O Rb8 12. g3 b5 13. h3 b4 14. axb4 Nxb4 15. Rh2 Bd7 16. Rf2 Qb7 17. Bd3 a5 18. Nxa5 Na2+ 19. Kd2 Qxb2 20. Bd4 Nxc3 21. Bxc3 Qb6 22. Nc4 Qc5 23. Bxf6 gxf6 24. Qe3 Qc7 25. Re2 Rb4 26. Na3 Qa5 27. c3 Rb2+ 28. Nc2 O-O 29. Ke1 Qxc3+ 30. Kf1 Ba4 31. e5 f5 32. Rdd2 dxe5 33. fxe5 Rd8 34. Ne1 Rxd2 35. Rxd2 Rd5 36. Re2 Bd1 37. Rd2 Rxe5 38. Qf4 Bb3 39. Nf3 Rd5 40. Ke2 Rxd3 41. Rxd3 Bc4 42. Qb8+ Kh7 43. Ne1 Bb4 44. Kf3 Bxd3 45. Qa7 Be4+ 46. Kf4 Bd6+ 47. Kg5 Qxg3+ 0-1

[Event "FIDE World Junior U20-ch Girls 2025"]
[Site "Petrovac"]
[Date "2025.02.28"]
[Round "3.20"]
[White "Zelbova, Lada"]
[Black "Pipiras, Filipa Fortuna"]
[Result "0-1"]
[Annotator "ChessBase"]
[ECO "D37"]
[WhiteElo "1994"]
[BlackElo "2200"]
[PlyCount "76"]
[EventDate "2025.02.23"]
[EventType "swiss"]
[EventCountry "MNE"]
[SourceTitle "playchess.com"]
[Source "ChessBase"]
[SourceQuality "1"]
[TimeControl "40/5400+30:1800+30"]

1. d4 Nf6 2. c4 e6 3. Nf3 d5 4. Nc3 h6 5. cxd5 exd5 6. Bf4 Bd6 7. Bxd6 Qxd6 8. Qc2 O-O 9. e3 a6 10. Bd3 Nc6 11. a3 Bg4 12. Nh4 Ne7 13. h3 Be6 14. O-O b6 15. b4 c5 16. bxc5 bxc5 17. dxc5 Qxc5 18. Ne4 Nxe4 19. Bxe4 Qa5 20. Bh7+ Kh8 21. Bd3 Rfc8 22. Qe2 Qa4 23. Nf3 Nf5 24. Bxf5 Bxf5 25. Nd4 Bg6 26. Qd2 Rc4 27. Qb2 Qe8 28. Qb7 Qd8 29. Rfd1 Rc7 30. Qb6 Qc8 31. Qd6 Qb7 32. Rac1 Rc4 33. Nc6 Qb2 34. Rxc4 dxc4 35. Ne7 c3 36. Qc7 c2 37. Rd8+ Kh7 38. Rxa8 c1=Q+ 0-1

[Event "FIDE World Junior U20-ch Girls 2025"]
[Site "Petrovac"]
[Date "2025.02.28"]
[Round "3.21"]
[White "Beber, Anja"]
[Black "Tashkinova, Sofiia"]
[Result "0-1"]
[Annotator "ChessBase"]
[ECO "B30"]
[WhiteElo "1988"]
[BlackElo "2197"]
[PlyCount "106"]
[EventDate "2025.02.23"]
[EventType "swiss"]
[EventCountry "MNE"]
[SourceTitle "playchess.com"]
[Source "ChessBase"]
[SourceQuality "1"]
[TimeControl "40/5400+30:1800+30"]

1. e4 c5 2. Nf3 Nc6 3. d3 e5 4. g3 Nge7 5. Bg2 d6 6. h3 g6 7. O-O Bg7 8. c3 O-O 9. Nbd2 h6 10. Ne1 Be6 11. Nc2 d5 12. Qe2 Qd7 13. Kh2 f5 14. f3 Rad8 15. Re1 Rf7 16. Nf1 fxe4 17. dxe4 d4 18. Rd1 Qc7 19. Na3 a6 20. c4 Nb4 21. b3 Nec6 22. Bb2 Kh7 23. Qf2 Na5 24. Nc2 Nbc6 25. Ba3 Bf8 26. Nd2 b5 27. Bf1 Qb6 28. Bd3 Be7 29. Qe2 bxc4 30. bxc4 Nb4 31. Bxb4 cxb4 32. Rab1 Nb7 33. a3 a5 34. axb4 axb4 35. Nb3 Rdf8 36. Ne1 Qc6 37. Rb2 Qc8 38. Qg2 Bg5 39. h4 Be3 40. Nd2 Nc5 41. Rxb4 Bg4 42. Bb1 Bxd2 43. Rxd2 Bxf3 44. Nxf3 Rxf3 45. Rbb2 Nd7 46. Bd3 Nf6 47. Kg1 Ng4 48. Qh3 h5 49. Rb1 Qc5 50. Qg2 Kh8 51. Rbb2 Qa3 52. Qe2 Rxg3+ 53. Kh1 Rf2 0-1

[Event "FIDE World Junior U20-ch Girls 2025"]
[Site "Petrovac"]
[Date "2025.02.28"]
[Round "3.22"]
[White "Karacsonyi, Kata"]
[Black "Lindstad, Livia"]
[Result "1/2-1/2"]
[Annotator "ChessBase"]
[ECO "B10"]
[WhiteElo "2191"]
[BlackElo "2017"]
[PlyCount "103"]
[EventDate "2025.02.23"]
[EventType "swiss"]
[EventCountry "MNE"]
[SourceTitle "playchess.com"]
[Source "ChessBase"]
[SourceQuality "1"]
[TimeControl "40/5400+30:1800+30"]

1. e4 c6 2. Nf3 d5 3. Nc3 dxe4 4. Nxe4 Nf6 5. Qe2 Na6 6. d4 Qd5 7. Nxf6+ gxf6 8. c3 Bg4 9. h3 Bxf3 10. Qxf3 Qxf3 11. gxf3 Nc7 12. Bd2 O-O-O 13. a4 e6 14. b4 a6 15. Rg1 Re8 16. Bc4 f5 17. Bf4 f6 18. O-O-O Nd5 19. Bxd5 cxd5 20. Rde1 Kd7 21. Kc2 Bd6 22. Bxd6 Kxd6 23. Rg7 Re7 24. Reg1 Rhe8 25. f4 Rxg7 26. Rxg7 Re7 27. Rg8 Rc7 28. Kd3 Rf7 29. c4 dxc4+ 30. Kxc4 Rc7+ 31. Kd3 Rd7 32. Rf8 Ke7 33. Rh8 Kd6 34. Rf8 Ke7 35. Rh8 Kd6 36. b5 axb5 37. axb5 e5 38. fxe5+ fxe5 39. Rf8 Kc7 40. Rxf5 Rxd4+ 41. Ke3 Rh4 42. Rxe5 Rxh3+ 43. Ke4 h5 44. f4 Rh1 45. Kf3 Rf1+ 46. Kg3 h4+ 47. Kg4 h3 48. Rh5 Kb6 49. Rxh3 Kxb5 50. Rb3+ Kc6 51. f5 b5 52. Kg5 1/2-1/2

[Event "FIDE World Junior U20-ch Girls 2025"]
[Site "Petrovac"]
[Date "2025.02.28"]
[Round "3.23"]
[White "Gasparyan, Milena"]
[Black "Abdinova, Narmin"]
[Result "1/2-1/2"]
[Annotator "ChessBase"]
[ECO "C54"]
[WhiteElo "1986"]
[BlackElo "2186"]
[PlyCount "143"]
[EventDate "2025.02.23"]
[EventType "swiss"]
[EventCountry "MNE"]
[SourceTitle "playchess.com"]
[Source "ChessBase"]
[SourceQuality "1"]
[TimeControl "40/5400+30:1800+30"]

1. e4 e5 2. Nf3 Nc6 3. Bc4 Nf6 4. d3 Bc5 5. c3 d6 6. O-O O-O 7. h3 h6 8. Re1 Bb6 9. Bb3 Ne7 10. Nbd2 Ng6 11. d4 Re8 12. Bc2 c6 13. Nf1 Nh5 14. Be3 Qf6 15. Nxe5 dxe5 16. Qxh5 exd4 17. cxd4 Bxd4 18. Bxd4 Qxd4 19. e5 Nf4 20. Qf3 Nd5 21. Qd3 Qxd3 22. Bxd3 Re7 23. Nd2 Be6 24. a3 Rae8 25. Rad1 Nf4 26. Bc4 Ng6 27. Bxe6 Rxe6 28. Nc4 Nxe5 29. Rxe5 Rxe5 30. Nxe5 Rxe5 31. Rd8+ Kh7 32. Rd7 Rb5 33. b4 Kg6 34. f3 Kf6 35. Kf2 g5 36. g4 Ke6 37. Rc7 Kf6 38. Kg3 a5 39. bxa5 Rxa5 40. Rxb7 Rxa3 41. Rc7 Rc3 42. Rc8 Rc2 43. Rh8 Kg7 44. Rc8 c5 45. h4 c4 46. hxg5 hxg5 47. Re8 c3 48. Re3 Rc1 49. Kg2 Kf6 50. Kh2 Kg6 51. Kg2 Kf6 52. Kh2 Kg7 53. Kg2 f6 54. Kh2 Kf8 55. Kg2 Kf7 56. Kh2 f5 57. Re5 fxg4 58. fxg4 c2 59. Rc5 Ke6 60. Kg2 Kd6 61. Rc8 Ke5 62. Rc7 Kf4 63. Rc4+ Ke3 64. Rc8 Kd3 65. Rd8+ Kc3 66. Rc8+ Kd4 67. Rd8+ Ke3 68. Rc8 Ke4 69. Rc7 Ke3 70. Rc8 Re1 71. Rxc2 Rc1 72. Rc8 1/2-1/2

[Event "FIDE World Junior U20-ch Girls 2025"]
[Site "Petrovac"]
[Date "2025.02.28"]
[Round "3.24"]
[White "Kanyamarala, Trisha"]
[Black "Zeliantsova, Kseniya"]
[Result "1-0"]
[Annotator "ChessBase"]
[ECO "E71"]
[WhiteElo "2178"]
[BlackElo "1999"]
[PlyCount "87"]
[EventDate "2025.02.23"]
[EventType "swiss"]
[EventCountry "MNE"]
[SourceTitle "playchess.com"]
[Source "ChessBase"]
[SourceQuality "1"]
[TimeControl "40/5400+30:1800+30"]

1. d4 Nf6 2. c4 g6 3. Nc3 Bg7 4. e4 d6 5. h3 O-O 6. Be3 c5 7. Nf3 cxd4 8. Nxd4 Qa5 9. Bd3 Nc6 10. O-O Nxd4 11. Bxd4 Nh5 12. Bxg7 Kxg7 13. Be2 Nf4 14. Nd5 Nxe2+ 15. Qxe2 e6 16. b4 Qa3 17. Nc7 Rb8 18. Qd2 Rd8 19. c5 d5 20. exd5 exd5 21. Qd4+ Kg8 22. Nxd5 Be6 23. Nf6+ Kg7 24. Qe5 Rbc8 25. Nh5+ Kf8 26. Qh8+ Ke7 27. Qf6+ Kf8 28. Nf4 Kg8 29. Nxe6 fxe6 30. Qxe6+ Kh8 31. Rad1 Qc3 32. Rxd8+ Rxd8 33. Qe7 Qd4 34. Qxb7 a5 35. a3 axb4 36. axb4 Rd7 37. Qc8+ Kg7 38. c6 Re7 39. Qb8 Qc3 40. Qd6 Rf7 41. b5 Qc4 42. b6 Rf6 43. Qe7+ Rf7 44. Qe5+ 1-0

[Event "FIDE World Junior U20-ch Girls 2025"]
[Site "Petrovac"]
[Date "2025.02.28"]
[Round "3.25"]
[White "Smietanska, Wiktoria"]
[Black "Trifoi, Mihaela-Ioana"]
[Result "1/2-1/2"]
[Annotator "ChessBase"]
[ECO "B15"]
[WhiteElo "2170"]
[BlackElo "1990"]
[PlyCount "119"]
[EventDate "2025.02.23"]
[EventType "swiss"]
[EventCountry "MNE"]
[SourceTitle "playchess.com"]
[Source "ChessBase"]
[SourceQuality "1"]
[TimeControl "40/5400+30:1800+30"]

1. e4 c6 2. d4 d5 3. Nd2 dxe4 4. Nxe4 Nf6 5. Nxf6+ exf6 6. c3 Bd6 7. Bd3 O-O 8. Ne2 Re8 9. O-O Nd7 10. Ng3 g6 11. Ne4 Be7 12. Re1 Nf8 13. Be3 b6 14. f4 Qc7 15. Nd2 Bd6 16. Qf3 f5 17. Nc4 Bb7 18. Rad1 Rad8 19. Nxd6 Rxd6 20. Qf2 Nd7 21. c4 Nf6 22. Bd2 Rde6 23. Rxe6 Rxe6 24. Re1 Ng4 25. Qf3 Qd7 26. Rxe6 fxe6 27. Bc3 c5 28. d5 exd5 29. cxd5 Bxd5 30. Qe2 Qe6 31. Qxe6+ Bxe6 32. b3 Kf7 33. h3 Nf6 34. Kf2 Nd5 35. Bd2 Nb4 36. Bxb4 cxb4 37. Ke3 Ke7 38. Kd4 Kd6 39. g3 Bd7 40. Bc4 Be8 41. h4 b5 42. Bg8 h6 43. Bd5 a5 44. Bf3 Bf7 45. Be2 a4 46. Bd1 a3 47. Bc2 Bd5 48. Bb1 Bf3 49. Bc2 Bg4 50. Bd3 Bd1 51. Bb1 h5 52. Kd3 Kc5 53. Bc2 Bf3 54. Ke3 Bg2 55. Bd3 Bd5 56. Bc2 Bc4 57. Bd1 Bf1 58. Bc2 Kd5 59. Bd3 Bxd3 60. Kxd3 1/2-1/2

[Event "FIDE World Junior U20-ch Girls 2025"]
[Site "Petrovac"]
[Date "2025.02.28"]
[Round "3.26"]
[White "Braeutigam, Katerina"]
[Black "Wang, Qinxuanyi"]
[Result "0-1"]
[Annotator "ChessBase"]
[ECO "D00"]
[WhiteElo "1981"]
[BlackElo "2165"]
[PlyCount "84"]
[EventDate "2025.02.23"]
[EventType "swiss"]
[EventCountry "MNE"]
[SourceTitle "playchess.com"]
[Source "ChessBase"]
[SourceQuality "1"]
[TimeControl "40/5400+30:1800+30"]

1. d4 d5 2. Bf4 Nf6 3. e3 c5 4. c3 Nc6 5. Nd2 Qb6 6. Qb3 c4 7. Qc2 Nh5 8. Be2 Nxf4 9. exf4 g6 10. b3 Bf5 11. Qb2 Rc8 12. Ngf3 Bg7 13. O-O Nxd4 14. Nxd4 Bxd4 15. cxd4 c3 16. Qc1 cxd2 17. Qxd2 Rc2 18. Qe3 O-O 19. g4 Bd7 20. Rfe1 e6 21. Bd1 Rc6 22. h4 Rfc8 23. Qd2 Rc3 24. Kg2 Qb4 25. Re2 Bb5 26. a3 Qd6 27. Re3 Qxf4 28. Qxc3 Rxc3 29. Rxc3 Qxd4 30. Rac1 Bc6 31. h5 Qf4 32. f3 d4 33. Rc4 Qxg4+ 34. Kf2 Qh4+ 35. Kg2 Qg5+ 36. Kf2 Qe3+ 37. Kg2 gxh5 38. a4 h4 39. R4c2 d3 40. Rc4 f5 41. b4 Qd2+ 42. Kh3 Qg5 0-1

[Event "FIDE World Junior U20-ch Girls 2025"]
[Site "Petrovac"]
[Date "2025.02.28"]
[Round "3.27"]
[White "Yildiz, Elif Zeren"]
[Black "Shohradova, Leyla"]
[Result "1-0"]
[Annotator "ChessBase"]
[ECO "C16"]
[WhiteElo "2160"]
[BlackElo "1986"]
[PlyCount "75"]
[EventDate "2025.02.23"]
[EventType "swiss"]
[EventCountry "MNE"]
[SourceTitle "playchess.com"]
[Source "ChessBase"]
[SourceQuality "1"]
[TimeControl "40/5400+30:1800+30"]

1. e4 e6 2. d4 d5 3. Nc3 Bb4 4. e5 Ne7 5. a3 Bxc3+ 6. bxc3 b6 7. Qg4 Ng6 8. h4 h5 9. Qg3 Ba6 10. Bxa6 Nxa6 11. Ne2 Qd7 12. a4 Nb8 13. a5 Nc6 14. axb6 cxb6 15. O-O O-O-O 16. Bg5 Rdf8 17. Qd3 Qb7 18. Rfb1 Kb8 19. Nc1 f6 20. Qxg6 Ne7 21. Qd3 fxg5 22. Nb3 Nc8 23. Nc5 Qf7 24. f3 Kc7 25. Qb5 Kd8 26. Qc6 Re8 27. Nb7+ Ke7 28. Nd6 Qg6 29. Qc7+ Kf8 30. Nxe8 Qxe8 31. hxg5 h4 32. g6 Rh6 33. Rxa7 Nxa7 34. Rxb6 Nb5 35. Rxb5 Rxg6 36. Rb8 h3 37. Rxe8+ Kxe8 38. g4 1-0

[Event "FIDE World Junior U20-ch Girls 2025"]
[Site "Petrovac"]
[Date "2025.02.28"]
[Round "3.28"]
[White "Liuviann, Cecilia Natalie"]
[Black "Cornileau, Juliette"]
[Result "1/2-1/2"]
[Annotator "ChessBase"]
[ECO "C97"]
[WhiteElo "1964"]
[BlackElo "2144"]
[PlyCount "107"]
[EventDate "2025.02.23"]
[EventType "swiss"]
[EventCountry "MNE"]
[SourceTitle "playchess.com"]
[Source "ChessBase"]
[SourceQuality "1"]
[TimeControl "40/5400+30:1800+30"]

1. e4 e5 2. Nf3 Nc6 3. Bb5 a6 4. Ba4 Nf6 5. O-O Be7 6. Re1 b5 7. Bb3 d6 8. c3 O-O 9. h3 Na5 10. Bc2 c5 11. d4 Qc7 12. Nbd2 Be6 13. d5 Bd7 14. Nf1 c4 15. N3h2 Ne8 16. Ng3 Nb7 17. Qf3 g6 18. Ng4 f6 19. h4 Qc8 20. Nh6+ Kh8 21. h5 Nd8 22. hxg6 hxg6 23. Nhf5 gxf5 24. Qh5+ Kg8 25. Qg6+ Ng7 26. Bh6 Rf7 27. Nh5 Bf8 28. Nxf6+ Rxf6 29. Qxf6 Nf7 30. exf5 Nxh6 31. Qxh6 Bxf5 32. Bxf5 Qxf5 33. a4 Rb8 34. Qh4 Qh5 35. Qe4 Qf5 36. Qh4 Qh5 37. Qg3 b4 38. Re4 bxc3 39. bxc3 Qf5 40. Rxc4 Be7 41. Qg4 Qxg4 42. Rxg4 Rc8 43. Ra3 Rc5 44. c4 Kf7 45. Rf3+ Bf6 46. Rb3 Nf5 47. Rb7+ Be7 48. Re4 Ra5 49. g4 Nd4 50. Kg2 Kf8 51. Rb8+ Kf7 52. Rb7 Kf8 53. Rb8+ Kf7 54. Rb7 1/2-1/2